Map: Romanticide LE

Players

Solar

  • Race: Zerg Zerg

LiquidClem (Clem) - Winner!

  • Race: Terran Terran

Event: ASUS ROG Fall 2021

VOD

Have the link to the VOD?

Description

Time

  • Played on: Sept. 17, 2021, 3:33 p.m.
  • Length: 24:44

All games in this series

Show
View Real Time Build Order
Export as new Build Order

Solar Zerg 

Build Orders: Hatch First, Lurkers 

Get SALT Encoding   

  12  0:00  Drone  
  13  0:12  Overlord  
  13  0:17  Drone  
  14  0:31  Drone x2  
  16  0:48  Hatchery  
  15  0:51  Drone  
  15  0:54  Drone  
  17  0:57  Drone  
  18  1:08  Extractor  
  17  1:13  Spawning Pool  
  17  1:15  Drone  
  17  1:19  Drone  
  18  1:29  Drone  
  19  1:39  Drone  
  20  1:50  Drone  
  21  1:59  Queen  
  21  2:00  Queen, Zergling x2  
  21  2:01  Zergling x2  
  27  2:11  Overlord  
  27  2:12  Drone  
  28  2:21  Hatchery  
  27  2:23  Drone  
  29  2:30  Drone  
  29  2:36  Queen  
  31  2:41  Metabolic Boost  
  31  2:43  Drone  
  32  2:49  Overlord  
  31  2:51  Drone x2  
  31  2:55  Drone  
  34  2:59  Drone  
  35  3:09  Drone x5  
  40  3:15  Queen  
  40  3:18  Overlord  
  42  3:20  Zergling x2  
  43  3:28  Overlord  
  43  3:33  Queen  
  45  3:38  Drone  
  45  3:40  Drone x2  
  48  3:43  Overlord  
  48  3:44  Drone x4  
  48  3:48  Drone x2  
  54  3:51  Overlord  
  54  3:55  Queen  
  54  3:58  Zergling x2  
  54  4:00  Overlord  
  57  4:03  Drone  
  57  4:06  Zergling x2  
  57  4:07  Drone x2  
  61  4:11  Queen  
  61  4:14  Overlord  
  63  4:17  Drone x2  
  63  4:22  Zergling x2  
  63  4:23  Extractor, Drone  
  66  4:24  Baneling Nest  
  66  4:25  Extractor, Drone  
  66  4:27  Zergling x2  
  66  4:28  Drone  
  67  4:32  Lair  
  67  4:33  Drone  
  67  4:37  Drone  
  67  4:38  Drone  
  70  4:40  Drone  
  70  4:43  Evolution Chamber, Overlord  
  70  4:46  Drone x2  
  72  4:52  Drone  
  72  4:54  Drone  
  72  4:57  Drone  
  72  4:59  Drone x2  
  76  5:00  Overlord  
  76  5:04  Drone  
  76  5:06  Drone  
  78  5:10  Drone  
  78  5:11  Drone  
  78  5:12  Extractor, Zerg Ground Armor Level 1  
  78  5:13  Extractor, Drone x2  
  81  5:14  Zergling x2  
  81  5:20  Zergling x6  
  83  5:21  Overlord  
  83  5:23  Zergling x4  
  85  5:29  Centrifical Hooks  
  85  5:31  Zergling x2  
  85  5:32  Baneling x4  
  85  5:33  Zergling x4  
  88  5:39  Baneling x2  
  88  5:41  Drone  
  88  5:42  Overlord  
  89  5:43  Zergling x4  
  89  5:44  Zergling x6  
  89  5:48  Drone  
  93  5:55  Zergling x6, Drone x3  
  93  5:56  Overseer  
  99  5:57  Baneling x2  
  99  6:00  Drone  
  99  6:03  Baneling x2  
  99  6:04  Hatchery  
  99  6:06  Drone  
  99  6:07  Drone  
  99  6:08  Evolution Chamber  
  99  6:10  Spore Crawler, Pneumatized Carapace  
  99  6:12  Overlord  
  99  6:13  Zergling x12  
  104  6:19  Drone  
  104  6:23  Drone  
  104  6:24  Drone  
  104  6:25  Overlord  
  107  6:27  Drone x2  
  110  6:32  Zergling x2  
  110  6:33  Zergling x2, Spore Crawler  
  110  6:34  Drone  
  110  6:37  Baneling x2  
  112  6:40  Drone x2  
  112  6:41  Zerg Melee Weapons Level 1  
  112  6:44  Zergling x6  
  112  6:45  Zergling x2  
  114  6:53  Drone x2  
  116  6:57  Spore Crawler, Overlord  
  116  6:59  Drone x2  
  116  7:00  Zergling x8  
  121  7:04  Zergling x4  
  121  7:08  Zerg Ground Armor Level 2, Overlord  
  122  7:10  Drone  
  122  7:12  Baneling x2  
  122  7:13  Zergling x4  
  122  7:14  Drone  
  126  7:16  Hydralisk Den  
  126  7:17  Queen, Drone  
  126  7:18  Extractor, Infestation Pit  
  126  7:20  Zergling x4  
  126  7:21  Baneling x4  
  128  7:24  Baneling  
  128  7:25  Drone  
  128  7:29  Drone x3  
  132  7:30  Hatchery, Overlord, Drone  
  132  7:32  Zergling x4  
  132  7:34  Baneling x4  
  132  7:35  Zergling x4  
  133  7:38  Zergling x4  
  133  7:42  Zergling x4  
  137  7:44  Baneling x3  
  137  7:45  Drone x3  
  137  7:49  Zergling x6  
  143  7:55  Zergling x8, Hive, Grooved Spines  
  143  7:58  Overlord  
  147  7:59  Baneling x2, Drone  
  147  8:03  Zergling x8, Lurker Den  
  151  8:06  Drone  
  152  8:15  Drone x4  
  152  8:18  Overlord  
  152  8:19  Extractor  
  154  8:22  Overseer  
  154  8:25  Hydralisk x5  
  154  8:27  Zergling x18  
  161  8:31  Overlord  
  162  8:37  Zergling x2  
  162  8:38  Hydralisk x2  
  157  8:42  Baneling x16  
  157  8:46  Drone x2  
  157  8:48  Drone  
  160  8:50  Zergling x6, Baneling x4  
  160  8:51  Zergling x2, Baneling  
  160  8:54  Baneling x2, Zerg Melee Weapons Level 2  
  164  8:56  Zergling x12  
  164  8:59  Spore Crawler  
  164  9:00  Extractor, Overlord  
  168  9:06  Zergling x8  
  168  9:07  Seismic Spines  
  168  9:09  Muscular Augments  
  172  9:15  Zergling x2  
  172  9:16  Zergling x16  
  173  9:19  Zergling x6  
  173  9:22  Zergling x6  
  172  9:30  Zergling x12  
  174  9:31  Zergling x2  
  174  9:34  Viper x2  
  174  9:37  Drone  
  182  9:39  Overlord  
  182  9:41  Lurker x2  
  182  9:44  Zergling x2  
  182  9:45  Zergling x2  
  186  9:46  Zerg Missile Weapons Level 1  
  186  9:49  Drone  
  186  9:50  Extractor  
  186  9:51  Overlord  
  186  9:53  Drone x2  
  186  9:56  Zergling x2  
  186  9:57  Zergling x2  
  186  10:02  Zergling x4  
  188  10:07  Adaptive Talons  
  188  10:08  Zergling x14  
  188  10:09  Zergling x6  
  188  10:12  Overlord  
  197  10:14  Overlord  
  197  10:21  Zergling x8  
  199  10:25  Drone x2  
  183  10:38  Hydralisk x5  
  183  10:39  Zergling x18  
  183  10:41  Zergling x4  
  189  10:46  Hydralisk x4  
  197  10:53  Lurker x2  
  197  10:54  Lurker  
  200  11:06  Overseer  
  200  11:10  Baneling x7  
  200  11:15  Zergling x2  
  196  11:21  Zerg Melee Weapons Level 3  
  196  11:25  Zergling x12  
  199  11:26  Zergling x2  
  199  11:32  Hydralisk  
  189  11:48  Hydralisk x3  
  189  11:51  Zergling x20  
  189  11:52  Hatchery  
  197  12:06  Zergling x10  
  197  12:08  Hatchery  
  196  12:09  Zergling x6  
  196  12:14  Zergling x12  
  200  12:20  Hatchery  
  200  12:22  Zergling x6  
  199  12:26  Overlord  
  199  12:27  Overlord  
  199  12:29  Overlord  
  198  12:32  Overseer x2  
  198  12:34  Zergling x6  
  198  12:36  Nydus Network  
  198  12:37  Overseer x2, Nydus Network  
  197  12:46  Drone x4  
  198  13:00  Hatchery  
  197  13:10  Zergling x4  
  199  13:18  Zerg Missile Weapons Level 2  
  199  13:35  Baneling x7  
  189  13:41  Nydus Canal  
  189  13:43  Nydus Canal  
  189  13:44  Zergling x20  
  189  13:46  Hatchery  
  198  13:49  Hatchery  
  198  13:53  Zergling x4  
  198  13:54  Zergling x2  
  199  13:57  Zergling x4  
  199  13:59  Zerg Ground Armor Level 3  
  199  14:14  Hydralisk x2  
  199  14:15  Zergling x22  
  199  14:21  Nydus Canal  
  199  14:23  Nydus Canal  
  199  14:30  Zergling x8  
  170  14:38  Zergling x6  
  170  14:39  Zergling x18  
  170  14:40  Overlord  
  170  14:41  Zergling x12  
  170  14:42  Zergling x6  
  170  14:44  Nydus Canal x2  
  172  14:46  Zergling x2  
  172  14:50  Zergling x8  
  167  14:54  Overseer x2  
  167  14:55  Zergling x6  
  167  14:58  Lurker x13  
  167  14:59  Baneling x12  
  183  15:00  Hydralisk x3  
  183  15:01  Zergling x6  
  183  15:05  Zergling x4  
  183  15:06  Nydus Canal  
  194  15:10  Nydus Canal, Zergling x2  
  194  15:11  Zergling x4  
  194  15:12  Baneling x13, Overseer  
  194  15:13  Overlord  
  194  15:15  Zergling x8  
  194  15:16  Overseer  
  194  15:17  Overseer x3  
  193  15:24  Zergling x6  
  193  15:27  Zergling x10  
  184  15:30  Zergling x16  
  184  15:35  Zergling x12  
  190  15:40  Hydralisk  
  190  15:43  Zergling x8  
  190  15:46  Zergling x6  
  190  15:47  Spore Crawler  
  190  15:49  Zergling x12  
  199  15:50  Nydus Canal  
  199  15:56  Zerg Missile Weapons Level 3  
  199  16:01  Zergling x2  
  194  16:08  Zergling x22  
  193  16:14  Overlord  
  177  16:18  Zergling x2  
  177  16:19  Zergling x38  
  177  16:23  Hydralisk x3  
  177  16:24  Hydralisk x2  
  184  16:28  Hydralisk x2  
  184  16:30  Overlord  
  184  16:32  Overlord  
  182  16:34  Overlord  
  182  16:37  Zergling x18  
  186  16:42  Baneling x23  
  186  16:43  Baneling x9, Overlord  
  186  16:45  Zergling x6  
  189  16:47  Overlord  
  189  16:49  Zergling x2  
  189  16:50  Zergling x6  
  189  16:51  Overseer  
  193  16:54  Zergling x2  
  193  17:00  Viper  
  197  17:04  Zergling x4  
  197  17:10  Zergling x10  
  197  17:12  Zergling x4  
  197  17:15  Zergling x4  
  200  17:21  Overseer  
  178  17:26  Zergling x6  
  180  17:30  Zergling x34  
  180  17:34  Hydralisk  
  180  17:35  Hatchery, Hydralisk x3  
  195  17:37  Zergling x2  
  195  17:39  Overlord  
  195  17:42  Overseer x2  
  195  17:43  Zergling x10  
  189  17:46  Zergling x4  
  191  17:51  Baneling  
  191  17:52  Baneling x19  
  191  17:54  Zergling x14  
  195  17:59  Zergling x2  
  195  18:04  Zergling x6  
  192  18:16  Hydralisk x2  
  176  18:22  Hydralisk x3  
  176  18:23  Zergling x18  
  165  18:27  Overseer x2  
  165  18:30  Hydralisk x7  
  160  18:35  Hydralisk x2  
  160  18:37  Zergling x6  
  160  18:40  Zergling x4  
  169  18:42  Zergling x2  
  169  18:47  Zergling x12  
  173  18:48  Baneling  
  171  18:58  Zergling x8  
  171  19:01  Zergling x14  
  171  19:05  Lurker x4  
  171  19:06  Lurker  
  171  19:07  Lurker  
  171  19:08  Lurker  
  171  19:09  Lurker  
  179  19:10  Lurker  
  179  19:13  Baneling x7  
  180  19:18  Zergling x10  
  185  19:26  Zergling x16  
  185  19:28  Zergling x4  
  186  19:33  Zergling x10  
  179  19:38  Zergling x2  
  179  19:39  Zergling x6  
  179  19:40  Zergling x2  
  179  19:41  Zergling x2  
  170  19:47  Zergling x10  
  170  19:51  Zergling x2  
  157  19:54  Zergling x8  
  160  20:04  Hatchery  
  158  20:13  Zergling x6  
  149  20:14  Lurker x5  
  149  20:15  Baneling  
  149  20:16  Baneling x2  
  149  20:17  Baneling  
  149  20:18  Baneling x3  
  149  20:20  Zergling x2  
  154  20:23  Zergling x4  
  154  20:26  Zergling x6  
  146  20:30  Zergling x4  
  146  20:34  Zergling x2  
  143  20:40  Hydralisk x2  
  143  20:41  Zergling x2  
  148  20:44  Zergling x4  
  150  20:50  Zergling x8  
  150  20:52  Zergling x2  
  150  20:55  Zergling x2  
  155  20:59  Zergling x2  
  155  21:03  Zergling x6  
  141  21:07  Zergling x4  
  138  21:14  Zergling x20  
  138  21:16  Zergling x2  
  141  21:19  Overseer  
  141  21:24  Zergling x6  
  132  21:27  Zergling x2  
  132  21:28  Zergling x2  
  132  21:29  Zergling x2  
  130  21:37  Zergling x8  
  131  21:40  Zergling x2  
  131  21:45  Zergling x6  
  119  21:49  Zergling x4  
  119  21:51  Zergling x2  
  115  21:55  Zergling x4  
  115  22:00  Overseer  
  115  22:01  Overseer  
  117  22:02  Baneling x4  
  117  22:07  Zergling x4  
  116  22:09  Zergling x4  
  116  22:14  Zergling x4  
  112  22:16  Zergling x2  
  112  22:18  Baneling x2  
  112  22:19  Lurker  
  111  22:23  Zergling x6  
  111  22:24  Baneling  
  111  22:25  Baneling x2  
  111  22:27  Zergling x4  
  116  22:30  Zergling x2  
  116  22:33  Hydralisk  
  116  22:34  Zergling x2  
  116  22:36  Nydus Canal  
  120  22:43  Zergling x2  
  120  22:44  Zergling x8  
  119  22:45  Zergling x2  
  119  22:46  Overseer  
  119  22:47  Overseer  
  119  22:50  Overseer  
  121  22:55  Baneling x4  
  121  22:56  Zergling x6  
  121  22:58  Zergling x2  
  125  23:05  Zergling x10  
  127  23:09  Hydralisk  
  117  23:13  Hydralisk  
  117  23:19  Hydralisk x2  
  115  23:23  Zergling x2  
  115  23:24  Zergling x6  
  123  23:27  Baneling x3  
  123  23:30  Zergling x4  
  122  23:35  Zergling x2  
  122  23:36  Zergling x4  
  122  23:37  Baneling x3  
  122  23:38  Baneling  
  125  23:47  Zergling x12  
  127  23:51  Zergling x4  
  128  23:59  Zergling x2  
  108  24:03  Zergling x10  
  108  24:07  Hydralisk x2  
  97  24:10  Hydralisk  
  97  24:13  Hydralisk  
  97  24:16  Hydralisk  
Show
View Real Time Build Order
Export as new Build Order

LiquidClem Terran - Winner!

Build Orders: Reaper Expand 

Get SALT Encoding   

  12  0:00  SCV  
  13  0:12  SCV  
  14  0:17  Supply Depot  
  14  0:24  SCV  
  15  0:38  SCV  
  15  0:40  Barracks  
  16  0:43  Refinery  
  16  0:51  SCV  
  17  1:03  SCV  
  18  1:15  SCV  
  19  1:28  Reaper, Orbital Command  
  20  1:39  Command Center  
  20  1:48  Supply Depot  
  20  1:53  SCV  
  21  2:00  Marine  
  22  2:06  SCV  
  23  2:12  Factory  
  23  2:18  SCV  
  23  2:21  Barracks Reactor  
  24  2:30  SCV  
  25  2:40  Command Center  
  25  2:42  SCV  
  26  2:51  Orbital Command  
  26  2:54  SCV  
  27  3:02  Barracks  
  27  3:06  Hellion  
  27  3:08  SCV, Barracks Tech Lab  
  30  3:14  Hellion  
  30  3:17  SCV  
  33  3:20  SCV  
  33  3:22  Refinery  
  33  3:26  Marine  
  35  3:29  SCV  
  35  3:32  SCV  
  35  3:34  Stimpack  
  37  3:41  SCV  
  38  3:44  Marine, SCV  
  40  3:52  Starport  
  40  3:53  Orbital Command  
  40  3:55  Marine x2, SCV  
  41  3:56  Factory Reactor  
  41  3:58  SCV  
  44  4:03  Marine  
  44  4:06  Supply Depot  
  44  4:07  SCV  
  46  4:10  SCV  
  46  4:13  Marine  
  46  4:14  Marine  
  49  4:19  SCV  
  49  4:20  SCV  
  49  4:21  Marine  
  49  4:23  SCV  
  53  4:28  Barracks  
  53  4:31  Marine, SCV  
  54  4:32  SCV  
  54  4:34  Supply Depot  
  54  4:36  Marine  
  54  4:37  Medivac  
  54  4:38  Marine, Factory Reactor  
  59  4:41  Medivac  
  59  4:43  SCV  
  59  4:44  SCV  
  59  4:45  Orbital Command  
  64  4:49  Marine, Refinery  
  65  4:54  Marine  
  65  4:55  SCV  
  65  4:56  Marine, SCV  
  65  4:58  Refinery  
  69  5:00  Supply Depot  
  69  5:03  Engineering Bay x2  
  69  5:06  Marine  
  69  5:07  SCV  
  69  5:08  SCV  
  69  5:10  SCV  
  69  5:12  Marine  
  74  5:14  Marine  
  74  5:17  Barracks Reactor  
  74  5:19  SCV  
  74  5:20  SCV  
  77  5:23  Supply Depot  
  77  5:24  Marine, Widow Mine  
  80  5:30  Marine, Barracks, Terran Infantry Weapons Level 1  
  80  5:32  Marine, SCV, Barracks  
  80  5:33  SCV  
  84  5:36  SCV  
  85  5:43  Terran Infantry Armor Level 1  
  85  5:45  Marine, SCV  
  85  5:46  SCV, Supply Depot  
  85  5:49  Widow Mine x2  
  91  5:54  Marine  
  91  5:55  Marine  
  91  5:57  Supply Depot  
  93  6:05  Combat Shield  
  93  6:06  Supply Depot  
  93  6:07  Marine x3  
  93  6:08  SCV x2  
  93  6:09  SCV  
  99  6:12  Marine  
  99  6:15  Supply Depot  
  99  6:16  Marine  
  102  6:20  SCV  
  102  6:21  Supply Depot  
  102  6:22  Barracks Reactor x2  
  102  6:23  SCV  
  102  6:25  Marine, SCV  
  104  6:27  Marine  
  104  6:28  Widow Mine x2  
  104  6:31  Supply Depot  
  110  6:34  Marine x2  
  110  6:35  Marine  
  110  6:38  SCV  
  110  6:39  SCV x2  
  116  6:42  Armory  
  116  6:43  Marine  
  116  6:46  Marine  
  118  6:50  SCV  
  118  6:52  Marine, Supply Depot  
  117  6:56  Factory  
  117  6:59  Command Center  
  117  7:00  SCV  
  116  7:02  SCV  
  116  7:05  Refinery, Widow Mine x2  
  121  7:09  Medivac  
  121  7:10  Medivac  
  121  7:13  Marine x4  
  129  7:16  Supply Depot  
  129  7:17  Marine x2  
  129  7:18  Marine  
  129  7:20  SCV x3  
  135  7:23  Marine  
  135  7:26  Widow Mine  
  135  7:27  Supply Depot  
  138  7:30  Marine  
  138  7:31  Widow Mine  
  138  7:32  SCV  
  141  7:37  Marine  
  141  7:39  Terran Infantry Armor Level 2, Terran Infantry Weapons Level 2  
  141  7:40  Marine  
  141  7:41  Marine  
  141  7:43  Marine  
  143  7:45  Factory Tech Lab  
  143  7:46  Medivac x2  
  143  7:48  Marine x2  
  149  7:51  Marine  
  149  7:53  Marine  
  149  7:54  SCV x2  
  149  7:58  Supply Depot x2  
  154  8:00  Marine  
  154  8:01  Marine  
  154  8:03  Reaper  
  154  8:04  Drilling Claws  
  156  8:10  Widow Mine x2  
  156  8:11  Marine x2  
  156  8:12  Marine x3  
  165  8:16  Medivac x2  
  165  8:18  Marine x2  
  165  8:19  Widow Mine  
  171  8:21  Marine  
  171  8:24  SCV x2  
  160  8:28  SCV  
  148  8:36  SCV  
  148  8:37  Marine x8, Widow Mine x2  
  148  8:39  Marine  
  148  8:41  SCV x2  
  144  8:44  Planetary Fortress  
  144  8:46  Medivac  
  146  8:49  Widow Mine  
  146  8:50  SCV  
  146  8:53  SCV  
  146  8:55  Marine x4  
  151  8:57  Marine x2, Liberator  
  151  8:58  Marine x3, Widow Mine  
  151  9:00  SCV  
  151  9:02  SCV  
  166  9:05  SCV  
  166  9:09  Barracks x2  
  167  9:11  Widow Mine  
  167  9:13  Marine x2  
  167  9:14  SCV  
  167  9:15  SCV, Widow Mine  
  167  9:16  Marine  
  165  9:17  SCV, Barracks  
  165  9:18  Marine x2  
  165  9:22  Marine, Widow Mine  
  165  9:23  Marine, Sensor Tower  
  167  9:24  SCV  
  167  9:27  SCV  
  167  9:29  Marine  
  167  9:30  Marine, Marauder  
  167  9:31  Marine  
  166  9:33  Widow Mine, Liberator  
  166  9:34  Marine  
  166  9:36  Terran Vehicle And Ship Armor Level 1  
  166  9:38  SCV  
  173  9:43  Refinery, SCV x2  
  173  9:44  Marine  
  176  9:49  SCV  
  176  9:50  SCV, Command Center  
  178  9:55  SCV  
  178  9:58  Widow Mine  
  178  10:04  Barracks Tech Lab x2  
  178  10:06  Terran Infantry Weapons Level 3  
  178  10:07  SCV  
  178  10:11  Refinery  
  178  10:12  Terran Infantry Armor Level 3  
  179  10:15  Marine x2, Widow Mine  
  179  10:16  Marine  
  179  10:18  Marine x3  
  179  10:19  Marine  
  188  10:23  Refinery  
  188  10:25  Widow Mine  
  188  10:26  Sensor Tower  
  190  10:29  Concussive Shells  
  190  10:30  Marauder  
  190  10:31  Widow Mine  
  190  10:32  Marine  
  192  10:37  Widow Mine  
  187  10:45  Marine x3, Marauder  
  187  10:46  Widow Mine  
  191  10:50  Command Center x2  
  191  10:52  Ghost Academy  
  191  10:55  Marauder  
  193  10:58  Widow Mine  
  195  11:06  Widow Mine  
  197  11:13  Widow Mine  
  197  11:16  Marauder  
  197  11:17  Marine x2  
  194  11:23  Ghost x2  
  194  11:25  Marine, Widow Mine, Missile Turret  
  179  11:26  SCV, Missile Turret  
  179  11:27  Marine, Missile Turret  
  179  11:28  Refinery x2, Widow Mine, Missile Turret  
  179  11:32  Planetary Fortress  
  174  11:34  Marine x2, SCV  
  174  11:37  Ghost  
  174  11:38  Missile Turret  
  172  11:51  Ghost x2  
  172  11:52  Marine  
  172  11:53  Marine  
  179  11:54  Widow Mine x2  
  179  11:55  Widow Mine  
  179  12:00  Missile Turret  
  181  12:05  Ghost  
  178  12:09  Marine  
  177  12:15  Widow Mine  
  177  12:20  Ghost x2  
  177  12:21  Marine x2, Widow Mine, Medivac x2  
  182  12:34  Ghost, Command Center  
  184  12:38  Orbital Command  
  184  12:48  Marine, Widow Mine x2, Ghost x2  
  184  12:49  Marine  
  184  12:51  Medivac  
  196  12:56  Marine  
  193  12:59  Medivac  
  193  13:02  Ghost, Command Center  
  197  13:09  Command Center  
  197  13:11  Planetary Fortress  
  197  13:15  Unknown  
  197  13:17  Neosteel Armor, Hi-Sec Auto Tracking, Ghost, Terran Vehicle And Ship Armor Level 2  
  197  13:18  Personal Cloaking  
  199  13:25  SCV  
  200  13:33  Sensor Tower  
  200  13:52  Missile Turret  
  200  13:55  Command Center  
  198  13:56  Command Center  
  198  13:57  Missile Turret  
  198  13:58  Ghost  
  200  14:03  Ghost  
  200  14:09  SCV  
  200  14:15  Orbital Command, Ghost  
  196  14:19  Marine  
  196  14:27  Ghost  
  196  14:28  Viking  
  199  14:34  Ghost  
  199  14:38  Widow Mine  
  175  14:39  Marine, SCV  
  175  14:40  Marine x2  
  175  14:43  Widow Mine  
  175  14:44  Marine, SCV, Ghost  
  173  14:46  Marine  
  173  14:50  Marine  
  173  14:55  Marine, SCV, Ghost  
  177  15:01  Widow Mine  
  177  15:04  Medivac  
  181  15:07  SCV  
  181  15:11  Marine, Marauder  
  181  15:13  Medivac  
  186  15:14  Widow Mine x2, Ghost  
  186  15:17  Planetary Fortress  
  186  15:18  Missile Turret  
  186  15:20  SCV x2  
  194  15:22  SCV  
  194  15:24  SCV, Ghost  
  191  15:32  Ghost  
  191  15:33  Marine x2  
  191  15:34  Widow Mine, Medivac  
  196  15:36  Marine, SCV, Widow Mine  
  200  15:51  Sensor Tower  
  200  15:53  Command Center  
  200  15:55  Missile Turret  
  200  15:57  Missile Turret  
  197  16:06  Widow Mine  
  197  16:07  Marine  
  197  16:08  Widow Mine, Ghost  
  197  16:09  Marine  
  197  16:10  Widow Mine  
  192  16:17  Marine x4, Medivac  
  192  16:18  Marine x2  
  185  16:22  Marine x2  
  185  16:24  Marine  
  185  16:25  SCV  
  172  16:27  Marine, Widow Mine  
  172  16:29  Widow Mine  
  172  16:30  Planetary Fortress  
  172  16:32  SCV  
  175  16:35  Marine x3  
  175  16:37  Ghost  
  177  16:43  Ghost x2  
  182  16:47  SCV x2  
  182  16:48  SCV  
  182  16:50  SCV  
  182  16:52  Widow Mine  
  187  16:55  SCV  
  187  16:57  Widow Mine  
  192  17:01  Widow Mine  
  192  17:02  Sensor Tower  
  192  17:07  SCV  
  193  17:12  SCV  
  193  17:13  Widow Mine  
  193  17:14  Marine x2  
  181  17:17  Marine  
  181  17:18  SCV  
  181  17:19  Widow Mine, Ghost x2  
  181  17:22  Marine x2  
  186  17:23  Widow Mine  
  179  17:34  Widow Mine, Command Center  
  179  17:36  Medivac x2  
  181  17:41  Widow Mine  
  173  17:45  Marine x2, Widow Mine  
  177  17:53  Orbital Command  
  177  17:55  SCV  
  178  17:59  SCV, Widow Mine  
  178  18:00  SCV, Sensor Tower  
  178  18:01  Missile Turret x2  
  180  18:08  Marine, Ghost  
  178  18:13  Ghost x2  
  160  18:20  Marine  
  160  18:23  SCV  
  151  18:28  Orbital Command  
  151  18:29  SCV  
  151  18:34  SCV  
  143  18:36  Ghost  
  143  18:37  Marine x2  
  143  18:40  Marine  
  142  18:42  Ghost x2  
  146  18:51  Widow Mine x2  
  150  18:57  Widow Mine  
  150  18:58  Marine  
  150  19:02  Medivac  
  155  19:05  Unknown, Ghost  
  157  19:10  Ghost  
  157  19:11  Ghost  
  157  19:13  Widow Mine  
  157  19:15  Widow Mine, Missile Turret  
  166  19:18  Widow Mine, Orbital Command  
  166  19:20  SCV x2  
  166  19:24  SCV  
  170  19:26  SCV, Sensor Tower, Missile Turret  
  170  19:31  SCV  
  170  19:33  Ghost  
  170  19:34  Widow Mine  
  166  19:40  Marine  
  166  19:41  Widow Mine  
  159  19:48  SCV  
  159  19:52  Ghost  
  156  19:53  Orbital Command  
  156  19:59  Ghost  
  151  20:00  Marine x2, Command Center  
  151  20:04  SCV  
  156  20:13  Marine x2, Widow Mine  
  156  20:17  Unknown  
  156  20:20  Sensor Tower  
  156  20:21  Missile Turret  
  156  20:23  Marine x3, Widow Mine  
  156  20:27  SCV  
  162  20:34  Widow Mine  
  164  20:36  Command Center  
  164  20:39  Refinery  
  164  20:40  SCV  
  164  20:41  Sensor Tower  
  164  20:42  Marauder x3  
  167  20:44  Widow Mine  
  169  20:56  Marine x2  
  169  20:57  Marine x2  
  169  21:03  Marauder x2  
  171  21:09  Orbital Command  
  166  21:14  Marauder  
  166  21:16  Orbital Command  
  164  21:26  Widow Mine  
  164  21:27  Ghost  
  164  21:31  Marine x2  
  165  21:33  SCV, Sensor Tower  
  165  21:35  Missile Turret  
  165  21:37  Missile Turret  
  165  21:38  Orbital Command  
  165  21:39  Refinery  
  167  21:42  Orbital Command  
  167  21:45  Medivac x2  
  167  21:47  SCV x2  
  153  21:49  SCV  
  153  21:51  Marine  
  153  21:53  SCV  
  152  22:03  SCV  
  152  22:04  Widow Mine, Orbital Command  
  155  22:10  Marine  
  155  22:13  Widow Mine  
  155  22:14  SCV  
  155  22:15  Medivac x2  
  163  22:18  Widow Mine  
  165  22:25  SCV  
  165  22:27  Widow Mine  
  166  22:38  Marine  
  166  22:39  Orbital Command  
  166  22:43  Marine, Widow Mine  
  171  22:45  Medivac x2  
  171  22:48  Widow Mine  
  171  22:50  Orbital Command  
  176  22:55  Ghost x2  
  180  23:00  Marine x2  
  180  23:09  Widow Mine  
  180  23:11  Widow Mine  
  176  23:17  SCV  
  176  23:19  SCV x2  
  177  23:26  SCV, Widow Mine  
  178  23:30  Sensor Tower, Ghost  
  178  23:31  Missile Turret  
  179  23:35  SCV  
  179  23:39  SCV, Widow Mine x2  
  185  23:50  Widow Mine  
  172  24:04  SCV  
  172  24:08  Marine, Medivac  
  172  24:09  Medivac  
  156  24:10  Marine  
  156  24:11  SCV x2  
  153  24:17  Widow Mine x2  
  153  24:18  Marine  
  153  24:19  Marine x2  
Tags
 
Add a new tag
Caveats
  • Supply blocks, unpowered buildings, or Contaminate may cause inaccurate times.
  • Supply counts are checked every 10 seconds.